 Dungeon Crawl Stone Soup version 0.23.0 (webtiles) character file.

Game seed: 15992804191992961368

124 Borgoz the Sneak (level 4, 0/34 HPs)
             Began as a Demonspawn Assassin on Feb 17, 2019.
             Slain by a hobgoblin
             ... wielding a +0 club
              (4 damage)
             ... on level 3 of the Dungeon.
             The game lasted 00:04:04 (2021 turns).

Borgoz the Sneak (Demonspawn Assassin)              Turns: 2021, Time: 00:04:05

Health: 0/34       AC:  3    Str: 13    XL:     4   Next: 81%
Magic:  4/4        EV: 12    Int: 19    God:
Gold:   133        SH:  2    Dex: 14    Spells: 3/3 levels left

rFire    . . .     SeeInvis .   a - +2 short sword (flame)
rCold    . . .     Gourm    .   (no shield)
rNeg     . . .     Faith    .   h - +0 robe {MR+}
rPois    +         Spirit   .   (no helmet)
rElec    .         Reflect  +   d - +0 cloak
rCorr    .         Harm     .   (no gloves)
MR       +....                  (no boots)
Stlth    +++.......             i - +2 amulet of reflection
HPRegen  0.11/turn              (no ring)
MPRegen  0.09/turn              (no ring)

@: brilliant
A: claws 1, blurry vision 1, clever 1, poison resistance, powered by death 1
a: no special abilities


You were on level 3 of the Dungeon.
You were not hungry.

You visited 1 branch of the dungeon, and saw 3 of its levels.

You collected 133 gold pieces.

Inventory:

Hand Weapons
 a - a +2 short sword of flaming (weapon)
 b - a +0 blowgun
Missiles
 e - 49 poisoned needles
 f - 2 curare-tipped needles
Armour
 d - a +0 cloak (worn)
 h - a +0 robe of magic resistance (worn)
Jewellery
 i - a +2 amulet of reflection (around neck)
Wands
 n - a wand of iceblast (11)
Scrolls
 o - 2 scrolls of remove curse
 q - a scroll of identify {unknown}
 r - 2 scrolls of fog {unknown}
 s - a scroll of enchant weapon {unknown}
Potions
 j - a potion of might {unknown}
 k - a potion of mutation
 l - a potion of degeneration {unknown}
 m - a potion of haste {unknown}
Comestibles
 g - 3 rations
 p - 2 chunks of flesh


   Skills:
 + Level 2.3 Fighting
 + Level 2.5 Short Blades
 + Level 1.8 Throwing
 + Level 1.1 Armour
 + Level 1.8 Dodging
 + Level 4.7 Stealth


You had 3 spell levels left.
You didn't know any spells.
Your spell library was empty.

Dungeon Overview and Level Annotations

Branches:
Dungeon (3/15)

Altars:
Ru
Yredelemnul


Innate Abilities, Weirdness & Mutations

You have sharp fingernails.
You regenerate a little health from kills.
Scrolls take you a little longer to read.
Your mind is acute. (Int +2)
Your system is resistant to poisons. (rPois)


Message History

The hobgoblin is heavily wounded.
The hobgoblin hits you with a +0 club.
* * * LOW HITPOINT WARNING * * *
You barely miss the hobgoblin.
The hobgoblin is heavily wounded.
The hobgoblin misses you.
You barely miss the hobgoblin.
The hobgoblin is moderately wounded.
The hobgoblin hits you with a +0 club.
* * * LOW HITPOINT WARNING * * *
You closely miss the hobgoblin.
The hobgoblin is moderately wounded.
The hobgoblin hits you with a +0 club.
* * * LOW HITPOINT WARNING * * *
It was a potion of brilliance.
You feel clever all of a sudden. You block the hobgoblin's attack.
Okay, then.
The hobgoblin hits you with a +0 club.
You die...

######### #...>...
##...... ....... ####.
...... ..... .....#
..... .....# ######.....
...<[# #.....#
....)########...@.#
...........##..g..####
...........###.#.....#
####...........#.....#
...#[......###.......#
..........####......##
....................#
....##.##...#.......###.
....##....#.#...........


You could see a hobgoblin.

Vanquished Creatures
  A worker ant (D:3)
  Ijyb (D:3)
  An adder (D:3)
  2 oozes
  A worm (D:2)
  2 dart slugs
  3 leopard geckos (D:2)
  An orc (D:3)
  3 giant cockroaches
  3 goblins
  3 hobgoblins (D:1)
  4 jackals (D:1)
  5 kobolds
  A quokka (D:2)
  A ball python (D:3)
  9 bats
  4 frilled lizards
  7 rats
52 creatures vanquished.

Notes
Turn   | Place    | Note
-------+----------+-------------------------------------------
     0 | D:1      | Borgoz the Demonspawn Assassin began the quest for the Orb.
     0 | D:1      | Reached XP level 1. HP: 16/16 MP: 1/1
   153 | D:1      | Reached skill level 1 in Dodging
   166 | D:1      | Reached skill level 4 in Stealth
   237 | D:1      | Gained mutation: You have sharp fingernails. [demonic
                  | ancestry]
   237 | D:1      | Reached XP level 2. HP: 6/22 MP: 2/2
   931 | D:1      | Gained mutation: You regenerate a little health from kills.
                  | [demonic ancestry]
   931 | D:1      | Reached XP level 3. HP: 27/27 MP: 3/3
  1226 | D:2      | Found a faded altar of an unknown god.
  1243 | D:2      | Found a basalt altar of Yredelemnul.
  1329 | D:2      | Found a sacrificial altar of Ru.
  1751 | D:3      | Noticed Ijyb
  1755 | D:3      | Gained mutation: Scrolls take you a little longer to read.
                  | [potion of mutation]
  1755 | D:3      | Gained mutation: Your mind is acute. (Int +2) [potion of
                  | mutation]
  1755 | D:3      | Gained mutation: Your system is resistant to poisons.
                  | (rPois) [potion of mutation]
  1770 | D:3      | Killed Ijyb
  1770 | D:3      | Reached XP level 4. HP: 30/33 MP: 4/4
  1885 | D:3      | Reached skill level 1 in Armour
  2021 | D:3      | Slain by a hobgoblin

Skill      XL: |  1  2  3  4 |
---------------+-------------+-----
Dodging        | 1 |  1.8
Stealth        | 4 |  4.7
Short Blades   | 2 |  2.5
Armour         | 1 |  1.1
Fighting       | |  2.3
Throwing       | |  1.8

Action                   |  1- 3 |  4- 6 || total
-------------------------+-------+-------++-------
Melee: Dagger            |    48 |       ||    48
       Short sword       |    78 |    40 ||   118
  Use: Scroll            |     2 |     1 ||     3
       Potion            |     3 |     1 ||     4
 Stab: Sleeping          |    10 |       ||    10
  Eat: Chunk             |     1 |     3 ||     4
Armor: Robe              |     1 |     2 ||     3
       Ring mail         |    67 |    13 ||    80
Dodge: Dodged            |    97 |    39 ||   136
Block: Other             |       |     2 ||     2
